 Dungeon Crawl Stone Soup version 0.30.1-3-gfc49f6343a (webtiles) character file.

Game seed: 6831986271057353541

29691 Wiggles the Severer (level 13, -4/118 HPs)
             Began as a Minotaur Berserker on July 27, 2023.
             Was a High Priest of Trog.
             Slain by a 19-headed hydra (5 damage)
             ... on level 3 of the Lair of Beasts.
             The game lasted 00:23:36 (13962 turns).

Wiggles the Severer (Minotaur Berserker)           Turns: 13962, Time: 00:23:36

Health: -4/118     AC: 24    Str: 23    XL:     13   Next: 16%
Magic:  21/21      EV: 14    Int:  9    God:    Trog [*****.]
Gold:   923        SH: 14    Dex: 13    Spells: 12/12 levels left

rFire   + . .        v - +10 hand axe "Ogreslayer" {holy, rF+ Dex+3}
rCold   . . .        w - +2 buckler "Ucatt" {MP+9 Str-4 Int+5 SInv}
rNeg    . . .        k - +0 plate armour
rPois   +            a - +0 hat
rElec   .            n - +2 cloak {rPois}
rCorr   .            t - +0 pair of gloves
SInv    +            (no boots)
Will    .....        F - amulet of reflection
Stlth   x              - +5 ring of evasion
HPRegen 0.39/turn    H - +4 ring of protection
MPRegen 0.17/turn

%: reflection
@: studying Maces & Flails
A: horns 2, retaliatory headbutt
a: Renounce Religion, Berserk, Trog's Hand, Brothers in Arms


You were on level 3 of the Lair of Beasts.
You worshipped Trog.
Trog was extremely pleased with you.
You visited 2 branches of the dungeon, and saw 15 of its levels.

You collected 923 gold pieces.

Inventory:

Hand Weapons
 v - the +10 hand axe "Ogreslayer" (weapon) {holy, rF+ Dex+3}
   (You found it on level 7 of the Dungeon)

   Dex:       It affects your dexterity (+3).
   rF:        It protects you from fire.
 I - a +0 battleaxe
 L - a +1 war axe of protection
Armour
 a - a +0 hat (worn)
 k - a +0 plate armour (worn)
 n - a +2 cloak of poison resistance (worn)
 t - a +0 pair of gloves (worn)
 w - the +2 buckler "Ucatt" (worn) {MP+9 Str-4 Int+5 SInv}
   (You found it on level 6 of the Dungeon)

   Str:       It affects your strength (-4).
   Int:       It affects your intelligence (+5).
   MP:        It affects your magic capacity (+9).
   SInv:      It lets you see invisible.
Jewellery
 l - a ring of ice
 s - a ring of positive energy
 x - a +5 ring of evasion (left hand)
 F - an amulet of reflection (around neck)
 H - a +4 ring of protection (right hand)
 N - a +4 ring of protection
Wands
 q - a wand of iceblast (32)
 r - a wand of flame (18)
 u - a wand of charming (6)
 y - a wand of polymorph (13)
 B - a wand of mindburst (13)
Scrolls
 c - 3 scrolls of identify
 e - 5 scrolls of teleportation
 f - 2 scrolls of enchant weapon
 h - 3 scrolls of vulnerability
 i - 3 scrolls of fear
 p - a scroll of brand weapon
 A - 2 scrolls of silence
 C - 2 scrolls of magic mapping
 J - a scroll of blinking
Potions
 b - 2 potions of haste
 d - 3 potions of flight
 g - 3 potions of magic {unknown}
 j - a potion of mutation {unknown}
 m - 4 potions of lignification
 o - 4 potions of heal wounds
 z - 7 potions of curing
 D - 3 potions of invisibility
 E - a potion of might {unknown}
 G - a potion of resistance {unknown}
 K - 5 potions of attraction
 M - a potion of ambrosia {unknown}


   Skills:
 + Level 12.1 Fighting
 + Level 16.4 Axes
 + Level 12.7 Armour
 + Level 5.0 Dodging
 + Level 1.7 Stealth
 + Level 12.2 Shields


You had 12 spell levels left.
You didn't know any spells.
Your spell library was empty.

Dungeon Overview and Level Annotations

Branches:
Dungeon (12/15)            Temple (0/1) D:6            Lair (3/5) D:11
 Shoals (0/4) Lair:3          Orc (0/2) D:10
  Snake: Lair:2-3    Spider: Lair:2-3

Altars:
Dithmenos
Elyvilon
Gozag
Nemelex Xobeh
Xom
Yredelemnul
The Shining One

Shops:
D:1 *   D:2 =   D:8 (   D:9 *(   D:12 :


Innate Abilities, Weirdness & Mutations

You have a pair of horns on your head.
You reflexively headbutt those who attack you in melee.


Message History

The 19-headed hydra bites you.
* * * LOW HITPOINT WARNING * * *
The 19-headed hydra barely misses you.
The 19-headed hydra bites you but does no damage.
The 19-headed hydra bites you.
* * * LOW HITPOINT WARNING * * *
The 19-headed hydra completely misses you.
The 19-headed hydra barely misses you. The 19-headed hydra bites you.
* * * LOW HITPOINT WARNING * * *
The 19-headed hydra completely misses you.
The 19-headed hydra bites you but does no damage.
You completely miss the yak. You headbutt the yak.
You kill the yak!
Trog accepts your kill.
You hit the centaur.
You completely miss the 19-headed hydra.
You block the centaur's attack. x2
The 19-headed hydra bites you but does no damage.
The 19-headed hydra misses you. The 19-headed hydra bites you!
* * * LOW HITPOINT WARNING * * *
The 19-headed hydra bites you but does no damage.
The 19-headed hydra closely misses you.
The 19-headed hydra bites you but does no damage. x2
The 19-headed hydra barely misses you. You block the 19-headed hydra's attack.
The 19-headed hydra misses you. x2; You block the 19-headed hydra's attack.
The 19-headed hydra bites you!
* * * LOW HITPOINT WARNING * * *
The 19-headed hydra bites you but does no damage.
The 19-headed hydra closely misses you. The 19-headed hydra barely misses you.
The 19-headed hydra bites you but does no damage. x3
The centaur shoots an arrow.
The arrow misses you. The centaur misses you. The centaur barely misses you.
The centaur unwields a +0 shortbow.
The centaur barely misses you. You block the centaur's attack.
You block the 19-headed hydra's attack. The 19-headed hydra bites you.
* * * LOW HITPOINT WARNING * * *
The 19-headed hydra closely misses you. You block the 19-headed hydra's attack.
The 19-headed hydra bites you but does no damage.
You block the 19-headed hydra's attack. The 19-headed hydra bites you.
You die...

#....##
###..)#
##.#.## #....#
##...##
###..## # #
#...#.#
#.###.##†..#
#.....c@.#.#
.....P.cD#..#
PP........#.#
.?.P.....P..#
....P.P...P.#
.P..........P#
....>...P...##
.....P.....##


You could see a 19-headed hydra and 2 centaurs.

Vanquished Creatures
  Gastronok (D:8)
  Fannar (D:11)
  2 catoblepae (Lair:2)
  A hydra (D:9)
  3 two-headed ogres
  2 boulder beetles (D:12)
  Urug (D:11)
  A skyshark (Lair:2)
  Pikel (D:8)
  5 cyclopes
  2 ugly things (D:12)
  Maurice (D:8)
  A black mamba (Lair:2)
  7 cane toads
  A rime drake (Lair:2)
  2 unseen horrors (D:12)
  3 komodo dragons
  A kobold demonologist (D:9)
  2 polar bears (Lair:2)
  7 trolls
  2 dream sheep (D:9)
  A shadow (D:11)
  A vampire (D:9)
  24 yaks
  7 wyverns
  Eustachio (D:6)
  4 wraiths
  A human (D:3)
  2 basilisks
  3 steam dragons
  2 acid dragons
  9 water moccasins
  A black bear (Lair:1)
  6 orc warriors (D:10)
  A sky beast (D:7)
  2 ice beasts
  3 ogres
  A centaur (Lair:3)
  6 wolves (Lair:2)
  2 lemures (D:8)
  4 kobold brigands (D:9)
  A phantom (D:4)
  15 bullfrogs
  5 scorpions
  A gnoll sergeant (D:7)
  5 wights (D:8)
  8 killer bees (D:9)
  4 howler monkeys
  4 jellies
  A sleepcap (D:7)
  3 orc priests
  4 iguanas
  A human skeleton (D:3)
  5 orc wizards
  Natasha (twice) (D:4)
  8 gnolls
  10 adders
  2 shadow imps (D:6)
  6 white imps
  4 ufetubi
  A worm (D:2)
  3 dart slugs (D:2)
  33 orcs
  7 ball pythons
  5 endoplasms
  3 giant cockroaches
  13 goblins
  4 hobgoblins
  12 kobolds
  3 quokkas
  2 bats
  A frilled lizard (D:3)
  A goblin skeleton (D:3)
  5 rats
310 creatures vanquished.

Notes
Turn   | Place    | Note
-------+----------+-------------------------------------------
     0 | D:1      | Wiggles the Minotaur Berserker began the quest for the Orb.
     0 | D:1      | Reached XP level 1. HP: 19/19 MP: 0/0
    73 | D:1      | Reached XP level 2. HP: 24/27 MP: 1/1
    77 | D:1      | Reached skill level 4 in Axes
    99 | D:1      | Found Mes Mysu's General Store.
   522 | D:2      | Reached ** piety under Trog
   601 | D:2      | Reached XP level 3. HP: 29/33 MP: 2/2
   969 | D:2      | Found Zix Der's Jewellery Shop.
  1338 | D:3      | Noticed a human
  1339 | D:3      | Found a runed translucent door.
  1349 | D:3      | Reached XP level 4. HP: 38/41 MP: 3/3
  1352 | D:3      | Found a basalt altar of Yredelemnul.
  1379 | D:3      | Killed a human
  1380 | D:3      | Reached skill level 5 in Axes
  1380 | D:3      | Reached XP level 5. HP: 28/47 MP: 4/4
  1583 | D:3      | Found an opulent altar of Gozag.
  2120 | D:4      | Found a shimmering altar of Xom.
  2290 | D:4      | Found a sparkling altar of Nemelex Xobeh.
  2295 | D:4      | Reached skill level 5 in Fighting
  2295 | D:4      | Reached skill level 5 in Armour
  2295 | D:4      | Reached XP level 6. HP: 53/56 MP: 5/5
  2367 | D:4      | Reached skill level 6 in Axes
  2370 | D:4      | Found a shadowy altar of Dithmenos.
  2620 | D:4      | You fall into a shaft and drop 3 floors!
  2633 | D:7      | Noticed a wyvern
  2633 | D:7      | Noticed a water moccasin
  2866 | D:7      | Identified the +10 hand axe "Ogreslayer" {holy, rF+ Dex+3}
  2926 | D:6      | Identified the +2 buckler "Ucatt" {MP+9 Str-4 Int+5 SInv}
  2988 | D:6      | Noticed Eustachio
  2995 | D:6      | Reached XP level 7. HP: 45/61 MP: 6/6
  3025 | D:6      | Killed Eustachio
  3025 | D:6      | Reached *** piety under Trog
  3026 | D:6      | Reached skill level 7 in Axes
  3209 | D:5      | Entered Level 5 of the Dungeon
  3639 | D:4      | Reached skill level 8 in Axes
  3639 | D:4      | Reached skill level 1 in Shields
  3869 | D:4      | Noticed Natasha
  3873 | D:4      | Killed Natasha
  3995 | D:4      | Noticed Natasha
  4001 | D:4      | Killed Natasha
  4786 | D:5      | Found a glowing golden altar of the Shining One.
  4902 | D:5      | Reached XP level 8. HP: 70/70 MP: 7/7
  5370 | D:6      | Reached skill level 9 in Axes
  5635 | D:6      | Reached skill level 10 in Axes
  5635 | D:6      | Reached skill level 1 in Stealth
  5709 | D:6      | Reached **** piety under Trog
  5861 | D:6      | Found a staircase to the Ecumenical Temple.
  6060 | D:7      | Reached XP level 9. HP: 46/78 MP: 8/8
  6331 | D:7      | Reached skill level 11 in Axes
  7057 | D:8      | Identified the +3 longbow "Transmigrator" {speed, rF+ rC+
                  | MP+9}
  7075 | D:8      | Noticed Pikel
  7079 | D:8      | Noticed Maurice
  7085 | D:8      | Killed Pikel
  7086 | D:8      | Reached skill level 12 in Axes
  7094 | D:8      | Killed Maurice
  7118 | D:8      | Reached XP level 10. HP: 84/88 MP: 9/9
  7121 | D:8      | Noticed Gastronok
  7144 | D:8      | Killed Gastronok
  7145 | D:8      | Reached skill level 13 in Axes
  7145 | D:8      | Reached skill level 5 in Shields
  7546 | D:8      | Noticed a two-headed ogre
  7562 | D:8      | Killed a two-headed ogre
  7618 | D:8      | Found Wehaas's Weapon Shoppe.
  8343 | D:9      | Noticed a two-headed ogre
  8344 | D:9      | Noticed a two-headed hydra
  8353 | D:9      | Killed a two-headed ogre
  8354 | D:9      | Reached skill level 14 in Axes
  8354 | D:9      | Reached skill level 10 in Armour
  8360 | D:9      | Killed a seven-headed hydra
  8361 | D:9      | Reached XP level 11. HP: 97/97 MP: 10/10
  8363 | D:9      | Reached ***** piety under Trog
  8584 | D:9      | Found Cobubi Bere's Weapon Emporium.
  8625 | D:9      | Noticed a two-headed ogre
  8633 | D:9      | Killed a two-headed ogre
  8811 | D:9      | Found Aaolo's Alliterative Accessories.
  9129 | D:10     | Entered Level 10 of the Dungeon
  9154 | D:10     | Found a white marble altar of Elyvilon.
  9248 | D:10     | Received a gift from Trog
  9253 | D:10     | Found a staircase to the Orcish Mines.
 10158 | D:11     | Noticed Fannar
 10165 | D:11     | Reached skill level 10 in Fighting
 10165 | D:11     | Reached skill level 15 in Axes
 10171 | D:11     | Killed Fannar
 10387 | D:11     | Noticed Urug
 10396 | D:11     | Killed Urug
 10467 | D:11     | Reached XP level 12. HP: 101/107 MP: 11/11
 10572 | D:11     | Identified the +2 leather armour of Precision Catastrophes
                  | {rF++}
 10611 | D:11     | Found a staircase to the Lair.
 10911 | D:12     | Reached skill level 10 in Shields
 11092 | D:12     | Noticed a boulder beetle
 11114 | D:12     | Killed a boulder beetle
 11159 | D:12     | Noticed a boulder beetle
 11173 | D:12     | Killed a boulder beetle
 11574 | D:12     | Found Guutuv's Book Emporium.
 11867 | Lair:1   | Entered Level 1 of the Lair of Beasts
 12843 | Lair:2   | Reached skill level 16 in Axes
 12950 | Lair:2   | Noticed a catoblepas
 12986 | Lair:2   | Killed a catoblepas
 13160 | Lair:2   | Reached XP level 13. HP: 117/117 MP: 12/12
 13799 | Lair:2   | Reached skill level 5 in Dodging
 13942 | Lair:3   | Found a staircase to the Shoals.
 13961 | Lair:3   | HP: 5/118 [19-headed hydra (8)]
 13962 | Lair:3   | HP: 1/118 [19-headed hydra (5)]
 13962 | Lair:3   | Slain by a 19-headed hydra

Illustrated notes

Levels and vault maps discovered:
D:1:      minmay_arrival_four_circles, layout_basic, serial_shops, shop
D:2:      layout_basic, serial_shops, shop
D:3:      layout_basic, mainiacjoe_overflow_six_doors_small,
          dk_yredelemnul_ordeal, serial_aquarium, aquarium_bridge_island_small
          [aquarium_subvault_small_water, aquarium_subvault_bridge,
          aquarium_subvault_wall, aquarium_subvault_balcony,
          aquarium_subvault_bridge], aquarium_bridge_long_separate
          [aquarium_subvault_wall, aquarium_subvault_wall,
          aquarium_subvault_bridge, aquarium_subvault_balcony,
          aquarium_subvault_bridge, aquarium_subvault_bridge],
          aquarium_window_fake, aquarium_window_fake, aquarium_window_1,
          aquarium_window_2, aquarium_view_2c, aquarium_view_2a,
          aquarium_pool_corner
D:4:      layout_basic, mainiacjoe_overflow_catwalk,
          mainiacjoe_overflow_catch_the_wave, uniq_natasha
D:5:      layout_rooms, mainiacjoe_overflow_alcove_2, serial_bayou,
          serial_bayou_pond_c, serial_bayou_crossing, serial_bayou_pond_a,
          serial_bayou_shore_a
D:6:      layout_cave_pools, temple_statues, serial_demonic, serial_demonic_d,
          serial_demonic_c, serial_demonic_b, serial_demonic_g,
          serial_demonic_e, uniq_eustachio
D:7:      layout_loops_corners
D:8:      layout_loops_corners, serial_shops, shop, uniq_gastronok, uniq_pikel,
          uniq_maurice
D:9:      layout_loops_ring, serial_shops, shop, nicolae_alphabet_shops,
          hangedman_ranch
D:10:     minmay_diamond_stairs, layout_loops_ring, elyvilon_altar_5,
          david_orc_5, evilmike_minifort
D:11:     layout_rooms, erik_lair_dragon, uniq_urug, uniq_fannar
D:12:     layout_roguey, serial_shops, shop
Lair:1:   layout_gridlike, beast_lair_carwin_6, lemuel_fruit_fields
Lair:2:   layout_layer_cave, nicolae_lair_grove_arrangements,
          grunt_megastairs_5, infiniplex_staircase_pool, lemuel_fruit_tree
Lair:3:   layout_concentric_octagons, minmay_shoals_entry_centaurs,
          spider_nest_entry_rubble, chequers_serial_rivers_large_a

Skill      XL: |  1  2  3  4  5  6  7  8  9 10 11 12 13 |
---------------+----------------------------------------+-----
Axes           | 4 5 6 8 10 12 14 15 16 | 16.4
Fighting       | 4 5 6 8 9 10 11 12 | 12.1
Armour         | 3 4 5 6 7 8 10 11 12 | 12.7
Shields        | 1 3 4 6 9 11 12 | 12.2
Stealth        | 1 |  1.7
Dodging        | 3 4 5 |  5.0

Action                     |  1- 3 |  4- 6 |  7- 9 | 10-12 | 13-15 || total
---------------------------+-------+-------+-------+-------+-------++-------
  Melee: Hand axe          |    92 |   152 |   208 |   535 |    70 ||  1057
         Headbutt          |    12 |    32 |    27 |   138 |    13 ||   222
         Punch             |       |     1 |       |       |       ||     1
 Invoke: Berserk           |       |       |       |     5 |       ||     5
    Use: Scroll            |       |       |    20 |     5 |       ||    25
 Armour: Chain mail        |    40 |    64 |    58 |   112 |       ||   274
         Plate armour      |       |       |       |    38 |    73 ||   111
  Dodge: Dodged            |    35 |    66 |    49 |   127 |    83 ||   360
  Block: Buckler           |       |       |    91 |   247 |    61 ||   399
         Reflection        |       |       |     1 |     5 |     4 ||    10
